AoeStats
← El Fantasma de Pancho Villa

Arena

509583464Analyzed
4v4 RM · 4d ago on Sep 27, 2026· 47m 22s· 8 players
Game mode
Random Map
Map size
Large (8 player)
Population
200
Speed
Normal
Resources
Standard
Victory
Conquest
Starting age
Dark Age
Ending age
Imperial Age
RankedLock teamsTeams togetherTeam positionsShared explorationLock speedFull tech treeHidden civsTurbo modeCheats
Victory
Defeat
🇪🇬 Spanish · Egypt
1184
+15
🇹🇷 Poles · Türkiye
1168
+15
🇬🇧 Danes · United Kingdom
1156
+16
🇺🇸 Cumans · United States
1140
+16
🇨🇳 Saxons · China
1517
-29
🇨🇳 Khmer · China
1146
-15
🇨🇳 Italians · China
1013
-10
🇨🇳 Muisca · China
935
-8
Sephiroth
11:29 Feudal Age
13:06 Loom
15:44 Castle Age
14:24 Horse Collar
14:31 Double-Bit Axe
14:43 Gold Mining
16:48 Heavy Plow
17:54 Bow Saw
20:37 Wheelbarrow
27:17 Imperial Age
25:21 Stone Mining
27:03 Stone Shaft Mining
26:51 Hand Cart
29:14 Two-Man Saw
29:06 Bloodlines
28:57 Husbandry
28:17 Cavalier
32:47 Conscription
32:52 Scale Barding Armor
33:01 Forging
32:42 Fletching
33:55 Chemistry
33:18 Ballistics
33:08 Masonry
32:53 Murder Holes
33:35 Hoardings
34:33 Chain Barding Armor
33:47 Onager
34:55 Supremacy
34:47 Fortified Wall
35:05 Bodkin Arrow
36:33 Bracer
36:34 Padded Archer Armor
36:57 Chain Barding Armor
37:09 Architecture
37:00 Guilds
39:50 Inquisition
40:10 Block Printing
42:15 Devotion
45:08 Plate Barding Armor
45:08 Iron Casting
Des
11:58 Feudal Age
15:29 Castle Age
13:16 Double-Bit Axe
14:35 Horse Collar
23:44 Bow Saw
23:46 Heavy Plow
24:26 Wheelbarrow
23:39 Loom
26:54 Hand Cart
29:24 Imperial Age
27:07 Scale Mail Armor
27:17 Forging
27:55 Squires
28:19 Chain Mail Armor
28:02 Gold Mining
28:03 Stone Mining
27:52 Pikeman
29:44 Iron Casting
29:00 Fletching
29:10 Padded Archer Armor
29:12 Murder Holes
29:28 Masonry
29:46 Arson
29:59 Bodkin Arrow
30:37 Plate Mail Armor
29:41 Elite Varangian Guard
30:19 Capped Ram
31:03 Town Watch
30:43 Halberdier
32:37 Blast Furnace
31:37 Bracer
31:53 Leather Archer Armor
32:49 Gold Shaft Mining
32:49 Stone Shaft Mining
32:40 Conscription
31:51 Hamask
32:06 Siege Ram
33:30 Elite Skirmisher
34:04 Northmen's Fury
36:28 Onager
39:35 Ring Archer Armor
1s3m
11:37 Feudal Age
18:25 Castle Age
16:25 Double-Bit Axe
19:19 Horse Collar
21:44 Wheelbarrow
26:07 Heavy Plow
26:07 Gold Mining
31:03 Imperial Age
29:23 Szlachta Privileges
29:31 Forging
30:27 Hand Cart
30:40 Bloodlines
30:31 Husbandry
30:54 Scale Barding Armor
31:25 Iron Casting
31:16 Cavalier
32:38 Chain Barding Armor
33:02 Conscription
33:58 Blast Furnace
35:06 Lechitic Legacy
35:29 Crop Rotation
36:52 Scale Mail Armor
38:01 Chain Mail Armor
38:46 Light Cavalry
40:39 Winged Hussar
El Fantasma de Pancho Villa
14:50 Feudal Age
15:59 Man-at-Arms
17:03 Scale Mail Armor
17:47 Forging
17:55 Loom
21:43 Double-Bit Axe
23:55 Wheelbarrow
26:48 Horse Collar
31:08 Castle Age
30:09 Stone Mining
32:47 Hand Cart
35:48 Imperial Age
33:56 Bow Saw
33:39 Gold Mining
33:30 Crossbowman
34:55 Fletching
35:06 Padded Archer Armor
35:32 Thumb Ring
35:37 Murder Holes
35:25 Pikeman
36:22 Chain Mail Armor
36:05 Bodkin Arrow
37:03 Leather Archer Armor
37:27 Ballistics
37:39 Chain Mail Armor
37:59 Iron Casting
37:54 Squires
37:40 Arson
39:33 Chemistry
39:05 Ring Archer Armor
39:57 Plate Mail Armor
43:59 Two-Man Saw
44:26 Halberdier
TearsOfDisdain8
9:51 Feudal Age
9:56 Feudal Age
10:13 Feudal Age
10:16 Feudal Age
13:38 Castle Age
11:47 Double-Bit Axe
12:15 Horse Collar
14:55 Bow Saw
21:48 Wheelbarrow
21:29 Loom
22:18 Gold Mining
22:20 Stone Mining
23:39 Gold Shaft Mining
23:46 Stone Shaft Mining
25:08 Loom
30:29 Imperial Age
29:23 Heavy Plow
29:50 Hand Cart
31:22 Ballistics
31:09 Scale Barding Armor
30:25 Light Cavalry
31:16 Bloodlines
31:06 Husbandry
31:35 Conscription
31:29 Elite Ballista Elephant
32:42 Double Crossbow
33:52 Chemistry
33:30 Caravan
34:42 Chain Barding Armor
34:51 Siege Engineers
34:16 Pikeman
34:40 Capped Ram
35:38 Scale Mail Armor
35:45 Light Cavalry
37:16 Plate Barding Armor
36:58 Chain Mail Armor
36:53 Forging
37:06 Murder Holes
37:02 Fletching
37:01 Hussar
38:08 Forging
38:44 Town Watch
39:37 Iron Casting
38:51 Halberdier
39:45 Bodkin Arrow
42:17 Blast Furnace
47:42 Tusk Swords
云仙儿
10:13 Feudal Age
14:16 Castle Age
12:15 Double-Bit Axe
12:30 Horse Collar
15:44 Bow Saw
15:39 Heavy Plow
17:20 Loom
21:53 Gold Mining
23:44 Wheelbarrow
24:40 Loom
25:12 Hand Cart
25:51 Stone Mining
25:49 Town Watch
29:39 Imperial Age
27:13 Fletching
27:08 Treadmill Crane
27:49 Ballistics
28:11 Gold Shaft Mining
27:59 Bodkin Arrow
28:30 Scale Mail Armor
28:40 Forging
28:51 Guard Tower
28:59 Murder Holes
29:44 Padded Archer Armor
30:03 Chain Mail Armor
29:55 Squires
29:42 Arson
30:51 Crop Rotation
31:31 Two-Man Saw
30:54 Conscription
29:56 Shield Wall
31:43 Keep
31:14 Bracer
32:26 Plate Mail Armor
32:33 Hoardings
32:28 Caravan
33:42 Chemistry
34:12 Masonry
34:10 Siege Engineers
35:24 Guilds
35:35 Sanctity
35:01 Clerical Recruitment
36:18 Block Printing
36:39 Theocracy
36:31 Illumination
37:01 Redemption
37:33 Coinage
37:37 Devotion
39:05 Banking
39:16 Architecture
38:34 Arrowslits
43:40 Fortified Wall
wololoo-
11:11 Feudal Age
14:42 Castle Age
12:39 Double-Bit Axe
15:27 Horse Collar
16:20 Bow Saw
16:15 Heavy Plow
20:06 Wheelbarrow
20:20 Gold Mining
21:21 Loom
22:04 Hand Cart
23:50 Gold Shaft Mining
24:01 Loom
27:48 Imperial Age
26:11 Stone Mining
26:52 Scale Mail Armor
27:02 Forging
26:52 Scale Mail Armor
28:20 Chain Mail Armor
30:44 Plate Mail Armor
30:50 Iron Casting
30:39 Ballistics
30:02 Treadmill Crane
31:03 Conscription
30:59 Huaracas
30:48 Fletching
30:59 Padded Archer Armor
30:25 Capped Ram
33:15 Chemistry
32:23 Elite Temple Guard
33:04 Squires
33:02 Town Watch
33:22 Bodkin Arrow
33:45 Thumb Ring
34:29 Stone Shaft Mining
35:48 Two-Man Saw
35:50 Bracer
36:06 Leather Archer Armor
36:25 Crop Rotation
35:59 Herbalism
36:38 Hoardings
41:25 Onager
42:19 Siege Engineers
42:24 Masonry
Wiretrass
10:28 Feudal Age
14:20 Castle Age
12:23 Double-Bit Axe
14:08 Horse Collar
15:42 Loom
20:59 Bow Saw
22:44 Wheelbarrow
22:34 Gold Mining
26:00 Stone Mining
28:58 Imperial Age
26:49 Hand Cart
26:26 Fletching
27:37 Bodkin Arrow
29:11 Padded Archer Armor
29:34 Heavy Plow
31:01 Chemistry
30:22 Leather Archer Armor
32:06 Two-Man Saw
31:44 Ring Archer Armor
31:16 Bracer
31:53 Scale Mail Armor
32:31 Stone Shaft Mining
32:08 Town Watch
33:09 Forging
33:23 Conscription
35:19 Caravan
36:09 Silk Road
36:55 Treadmill Crane
37:37 Ballistics
38:54 Hoardings
38:52 Bombard Tower
38:50 Chain Mail Armor
39:10 Iron Casting
38:41 Scale Barding Armor
40:11 Crop Rotation
41:13 Guilds
41:33 Coinage
41:28 Masonry
42:44 Capped Ram
44:25 Pirotechnia
47:24 Banking
Connection lost

Rejoining the realm…

Still unreachable

The connection could not be restored.

Session expired

The server has moved on; the page needs a fresh start.